 Dungeon Crawl Stone Soup version 0.27.0-1-g7a089689b8 (webtiles) character file.

Game seed: 7205616255599802155

35 SnakkuSnakku7 the Bolt Thrower (level 3, 0/26 HPs)
             Began as a Human Arcane Marksman on July 31, 2021.
             Slain by a gnoll (8 damage)
             ... on level 2 of the Dungeon.
             The game lasted 00:02:39 (1635 turns).

SnakkuSnakku7 the Bolt Thrower (HuAM)               Turns: 1635, Time: 00:02:39

Health: 0/26       AC:  5    Str: 11    XL:     3   Next: 55%
Magic:  4/4        EV: 10    Int: 13    God:
Gold:   43         SH:  0    Dex: 13    Spells: 3/4 levels left

rFire    . . .     SeeInvis .   a - +0 hand crossbow
rCold    . . .     Faith    .   (no shield)
rNeg     . . .     Spirit   .   g - +0 ring mail
rPois    .         Reflect  .   (no helmet)
rElec    .         Harm     .   (no cloak)
rCorr    .         Rampage  .   (no gloves)
Will     .....                  (no boots)
Stlth    +.........             (no amulet)
HPRegen  0.08/turn              f - ring of wizardry
MPRegen  0.09/turn              (no ring)

@: no status effects
A: no striking features
a: no special abilities


You were on level 2 of the Dungeon.
You visited 1 branch of the dungeon, and saw 2 of its levels.

You collected 43 gold pieces.

Inventory:

Hand Weapons
 a - a +0 hand crossbow (weapon)
 b - a +2 whip of pain
 l - a +0 long sword
Missiles
 c - 16 bolts (quivered ammo)
Armour
 d - a +0 robe
 g - a +0 ring mail (worn)
Jewellery
 f - a ring of wizardry (left hand)
 k - a ring of flight
Scrolls
 e - 2 scrolls of identify {unknown}
 i - a scroll of vulnerability {unknown}
 j - a scroll of brand weapon {unknown}
Potions
 h - 2 potions of attraction {unknown}
 m - a potion of curing {unknown}


   Skills:
 - Level 1.0 Fighting
 + Level 3.7 Crossbows
 - Level 2.0 Dodging
 - Level 1.0 Spellcasting
 - Level 3.0 Hexes


You had 3 spell levels left.
You knew the following spells:

 Your Spells              Type           Power      Damage    Failure   Level
a - Corona                Hex            8%         N/A       9%          1

Your spell library contained the following spells:

 Spells                   Type           Power      Damage    Failure   Level
 Slow                     Hex            8%         N/A       12%         2
 Inner Flame              Hex/Fire       4%         N/A       38%         3
 Portal Projectile        Hex/Tloc       8%         N/A       38%         3
 Cause Fear               Hex            4%         N/A       58%         4


Dungeon Overview and Level Annotations

Branches:
Dungeon (2/15)

Altars:
Fedhas


Message History

You shoot a bolt. The bolt closely misses the adder.
The adder barely misses you. x2
Unknown command.
Fire: 14 bolts
Press: ? - help, Q - select action, (/) - cycle Shift-Dir - straight line, f/p - adder
Aim: an adder (almost dead, 44% to hit)
You shoot a bolt. The bolt closely misses the adder.
The adder barely misses you. x2
Unknown command.
Fire: 13 bolts
Press: ? - help, Q - select action, (/) - cycle Shift-Dir - straight line, f/p - adder
Aim: an adder (almost dead, 44% to hit)
You shoot a bolt. The bolt hits the adder!
You kill the adder!
Unknown command.
c - 14 bolts (gained 2)
You see here an adder corpse.
c - 19 bolts (gained 5)
You start resting.
You see here an adder corpse.
There is a stone staircase leading down here.
You climb downwards.
The gnoll barely misses you.
There is a stone staircase leading up here.
You shoot a bolt. The bolt hits the gnoll!
The gnoll is severely wounded.
The gnoll barely misses you.
You shoot a bolt. The bolt hits the gnoll.
The gnoll is almost dead.
The gnoll hits you from afar with a +0 halberd!
Ouch! That really hurt!
* * * LOW HITPOINT WARNING * * *
The gnoll barely misses you.
You are too injured to fight recklessly!
Unknown command.
Fire: 17 bolts
Press: ? - help, Q - select action, (/) - cycle Shift-Dir - straight line, f/p - gnoll
Aim: a gnoll, wielding a +0 halberd and wearing a +0 plate armour (almost dead, 76% to hit)
You shoot a bolt. The bolt barely misses the gnoll.
The gnoll hits you from afar with a +0 halberd!
You die...

.# #.##.# #.......# .#
#.##.# #.......#
#####.##.#####..._...#
#...##.[)..........#
#.##########......##
###g# ###.#### ....#
#.# ###.# #.# #(# #@#
#.############.#
###........g...g.#
...(.#############
###..# # #..# ###..#
#....# (..#.#


You could see a gnoll.

Vanquished Creatures
  An adder (D:1)
  2 worms (D:2)
  3 bats
  A goblin (D:2)
  A hobgoblin (D:2)
  3 jackals (D:2)
  2 ball pythons (D:1)
  2 frilled lizards
  3 kobolds
  A rat (D:2)
19 creatures vanquished.

Notes
Turn   | Place    | Note
-------+----------+-------------------------------------------
     0 | D:1      | SnakkuSnakku7 the Human Arcane Marksman began the quest for
                  | the Orb.
     0 | D:1      | Reached XP level 1. HP: 15/15 MP: 2/2
   470 | D:1      | Reached XP level 2. HP: 21/21 MP: 3/3
   614 | D:1      | Found a faded altar of an unknown god.
   973 | D:2      | Found a blossoming altar of Fedhas.
  1375 | D:2      | Reached XP level 3. HP: 18/26 MP: 4/4
  1635 | D:2      | Slain by a gnoll

Illustrated notes

Levels and vault maps discovered:
D:1:      kennysheep_arrival_seaside, layout_rooms,
          shapermc_ecumenical_altar_hornbeckon
D:2:      layout_loops_ring, basic_altar, solitary_fountain

Skill      XL: |  1  2 |
---------------+-------+-----
Crossbows      | 3 |  3.7
Fighting       | |  1.0
Dodging        | |  2.0
Spellcasting   | |  1.0
Hexes          | |  3.0

Action                   || total
-------------------------++-------
Melee: Long sword        ||     5
       Whip              ||    18
 Fire: Hand crossbow     ||    73
Armor: Ring mail         ||    33
Dodge: Dodged            ||    53
